AoeStats
← 看到我请提醒我去学习

Nomad

509346980Analyzed
2v2 RM · 6d ago on Sep 26, 2026· 85m 23s· 4 players
Game mode
Random Map
Map size
176×176
Population
200
Speed
Normal
Resources
Standard
Victory
Conquest
Starting age
Dark Age
Ending age
Imperial Age
RankedLock teamsTeams togetherTeam positionsShared explorationLock speedFull tech treeHidden civsTurbo modeCheats
Victory
Defeat
715
+16
🇨🇳 Chinese · China
705
+16
🇬🇧 Goths · United Kingdom
709
-16
🇬🇧 Gurjaras · United Kingdom
699
-16
Dirty Badger the Conqueror
6:56 Loom
15:30 Feudal Age
16:00 Double-Bit Axe
16:22 Fishing Lines
22:34 Castle Age
21:31 Gold Mining
22:14 Bloodlines
22:15 Scale Barding Armor
23:11 Gillnets
23:36 Medium Warships
25:31 Forging
29:29 Town Watch
31:11 Husbandry
38:57 Chain Barding Armor
40:32 Iron Casting
45:42 Gillnets
54:23 Kshatriyas
55:58 Wheelbarrow
76:09 Imperial Age
77:47 Hand Cart
79:50 Siege Elephant
alex
10:02 Loom
15:20 Feudal Age
16:17 Fishing Lines
17:40 Wheelbarrow
17:33 Double-Bit Axe
25:31 Horse Collar
25:50 Town Watch
26:31 Scale Mail Armor
30:18 Castle Age
33:06 Castle Age
33:59 Bow Saw
33:52 Heavy Plow
35:03 Hand Cart
34:51 Town Patrol
34:56 Gillnets
40:16 Forging
40:21 Chain Mail Armor
42:24 Pikeman
43:06 Squires
43:10 Gold Mining
43:11 Stone Mining
44:55 Anarchy
53:00 Imperial Age
52:00 Iron Casting
51:09 Treadmill Crane
51:40 Masonry
54:42 Blast Furnace
53:49 Perfusion
54:10 Conscription
55:45 Elite Huskarl
看到我请提醒我去学习
14:06 Feudal Age
16:49 Forging
16:44 Scale Barding Armor
16:55 Bloodlines
24:12 Castle Age
22:25 Horse Collar
23:19 Stone Mining
24:35 Scale Mail Armor
24:24 Loom
26:08 Double-Bit Axe
26:26 Heavy Plow
27:30 Fletching
29:59 Wheelbarrow
30:29 Gold Mining
40:49 Imperial Age
38:34 Hand Cart
42:52 Town Watch
44:04 Husbandry
46:12 Bow Saw
46:32 Squires
48:48 Elite Fire Lancer
51:10 Iron Casting
50:50 Chain Mail Armor
54:22 Plate Mail Armor
56:18 Blast Furnace
57:19 Arson
73:53 Town Patrol
75:46 Bodkin Arrow
76:41 Conscription
301301301
3:27 Loom
15:45 Feudal Age
16:50 Double-Bit Axe
23:33 Castle Age
21:40 Arson
23:39 Wheelbarrow
22:50 Town Watch
25:13 Bow Saw
31:24 Stone Mining
33:09 Hand Cart
41:06 Imperial Age
38:20 Horse Collar
40:04 Padded Archer Armor
39:55 Fletching
40:16 Forging
42:10 Husbandry
43:45 Bloodlines
45:25 Great Wall
45:45 Conscription
49:09 Rocketry
49:07 Light Cavalry
73:54 Heavy Rocket Cart
79:09 Gold Mining
79:55 Stone Shaft Mining
84:49 Town Patrol
Connection lost

Rejoining the realm…

Still unreachable

The connection could not be restored.

Session expired

The server has moved on; the page needs a fresh start.